Map: 赛博森林-天梯版

Players

RiSky - Winner!

  • Race: Zerg Zerg

Drager

  • Race: Protoss Protoss
  • League: Diamond

Event: WESG 2018 Grand Finals

VOD

Have the link to the VOD?

Description

Time

  • Played on: March 11, 2019, 6:33 a.m.
  • Length: 12:39

All games in this series

Show
View Real Time Build Order
Export as new Build Order

RiSky Zerg - Winner!

Build Orders: Hatch First 

Get SALT Encoding   

  12  0:00  Drone  
  13  0:12  Overlord  
  13  0:16  Drone  
  14  0:30  Drone x2  
  16  0:48  Hatchery  
  15  0:51  Drone  
  15  0:54  Drone  
  17  0:57  Drone  
  18  1:09  Extractor  
  17  1:13  Spawning Pool  
  17  1:17  Drone  
  17  1:20  Drone  
  18  1:27  Drone  
  19  1:39  Drone  
  20  1:48  Overlord  
  20  1:59  Queen x2  
  20  2:00  Zergling x2  
  20  2:01  Zergling x2  
  26  2:10  Metabolic Boost  
  26  2:11  Drone  
  26  2:14  Drone  
  28  2:21  Drone x2  
  30  2:39  Hatchery  
  30  2:42  Drone  
  30  2:47  Queen  
  32  2:52  Overlord  
  32  2:57  Drone  
  32  2:58  Drone  
  34  3:00  Drone  
  34  3:06  Drone  
  34  3:10  Drone  
  34  3:11  Drone  
  37  3:14  Drone x3  
  37  3:17  Drone  
  37  3:19  Zergling x2  
  42  3:22  Overlord  
  42  3:25  Drone  
  43  3:28  Drone  
  43  3:33  Overlord  
  44  3:40  Queen  
  46  3:41  Drone  
  46  3:43  Overlord  
  46  3:46  Spore Crawler  
  46  3:51  Spore Crawler, Drone x2  
  46  3:52  Drone  
  46  3:54  Drone  
  46  3:55  Drone  
  50  3:58  Zergling x2  
  50  4:00  Drone  
  52  4:03  Zergling x2  
  52  4:05  Drone x2  
  52  4:07  Drone  
  56  4:12  Drone  
  56  4:14  Queen  
  59  4:17  Drone  
  59  4:19  Lair  
  59  4:23  Overlord  
  60  4:28  Roach Warren  
  60  4:29  Overlord  
  59  4:32  Drone  
  59  4:36  Drone  
  59  4:37  Drone  
  59  4:38  Drone  
  62  4:40  Drone x3  
  65  4:46  Overlord, Extractor  
  65  4:47  Extractor  
  65  4:48  Drone  
  65  4:49  Drone x2  
  66  4:54  Overlord  
  66  4:57  Zergling x4  
  66  4:59  Drone x2  
  70  5:01  Drone  
  70  5:03  Overlord  
  70  5:08  Roach x3  
  76  5:15  Roach  
  76  5:18  Roach  
  76  5:20  Roach  
  82  5:21  Extractor, Glial Reconstitution  
  85  5:31  Overlord x2  
  93  5:36  Overlord  
  93  5:37  Drone  
  93  5:39  Extractor  
  93  5:40  Queen  
  95  5:45  Queen x2  
  86  5:50  Spore Crawler, Drone x2  
  86  5:52  Spore Crawler, Drone x2  
  86  5:53  Drone  
  86  5:54  Drone x2  
  91  5:58  Drone x3  
  91  5:59  Drone x2  
  91  6:00  Overlord, Drone  
  91  6:01  Spore Crawler, Drone  
  96  6:05  Drone  
  96  6:10  Drone  
  97  6:14  Drone, Extractor  
  97  6:19  Queen  
  97  6:21  Drone x2  
  97  6:24  Hatchery, Drone  
  101  6:27  Drone  
  101  6:32  Drone x2  
  104  6:35  Hydralisk Den  
  104  6:39  Drone  
  104  6:41  Drone x2  
  104  6:44  Infestation Pit, Drone x2  
  104  6:46  Baneling Nest  
  102  6:47  Drone  
  102  6:48  Drone  
  104  6:55  Drone x2  
  104  6:57  Drone  
  104  6:59  Overlord  
  103  7:05  Hydralisk  
  103  7:06  Muscular Augments, Hydralisk x6  
  117  7:09  Hydralisk  
  117  7:11  Hydralisk  
  121  7:19  Drone x2  
  121  7:21  Drone  
  124  7:23  Drone  
  124  7:28  Drone  
  126  7:32  Hydralisk  
  126  7:36  Overlord x2  
  128  7:37  Centrifical Hooks  
  128  7:38  Hive  
  128  7:40  Spire  
  128  7:44  Evolution Chamber x2  
  125  7:45  Drone x2  
  125  7:48  Overlord  
  125  7:49  Overlord  
  127  7:56  Extractor, Hydralisk x7  
  127  7:58  Baneling  
  140  7:59  Drone  
  140  8:00  Drone  
  140  8:01  Drone  
  143  8:12  Hydralisk x2  
  143  8:15  Zergling x4  
  143  8:16  Zerg Melee Weapons Level 1  
  143  8:17  Grooved Spines, Zerg Missile Weapons Level 1  
  143  8:19  Zergling x4  
  151  8:23  Zergling x4  
  151  8:24  Overlord x2  
  153  8:27  Drone x2  
  153  8:29  Zergling x4  
  153  8:31  Hatchery  
  153  8:33  Zergling x4  
  158  8:36  Overlord  
  158  8:40  Baneling x9  
  158  8:46  Zergling x14  
  165  8:49  Zergling x4  
  165  8:51  Zergling x2  
  165  8:52  Overseer, Zergling x4  
  170  8:57  Greater Spire  
  170  8:58  Zergling x4  
  172  9:03  Zergling x2  
  172  9:04  Zergling x6  
  172  9:08  Zergling x20  
  183  9:11  Extractor  
  183  9:14  Zergling x2  
  181  9:19  Zergling x6  
  180  9:25  Zergling x2  
  180  9:30  Zergling x10  
  175  9:36  Zergling x10  
  171  9:43  Corruptor x3  
  177  9:46  Baneling x15  
  177  9:48  Corruptor  
  179  9:53  Baneling x10  
  179  9:56  Corruptor x2  
  179  9:58  Zergling x14  
  190  10:03  Overlord  
  180  10:15  Zergling x18  
  180  10:16  Zergling x2  
  180  10:17  Zergling x2  
  177  10:24  Brood Lord x4  
  177  10:25  Zergling x2  
  177  10:26  Zergling x8  
  190  10:30  Zergling x4  
  190  10:31  Zergling x2  
  190  10:34  Zergling x2  
  190  10:35  Zergling x10  
  190  10:43  Brood Lord x2  
  190  10:49  Corruptor  
  194  10:50  Overlord  
  194  10:51  Overlord  
  194  10:53  Baneling x2  
  196  10:57  Pneumatized Carapace  
  196  11:06  Baneling  
  196  11:15  Zergling x8  
  198  11:31  Baneling x16  
  198  11:42  Spine Crawler x2  
  198  11:43  Spine Crawler  
  198  11:44  Spine Crawler x2  
  198  11:46  Spine Crawler  
  194  11:47  Zergling x10  
  194  11:52  Zergling x16  
  199  11:59  Extractor x2  
  193  12:02  Zergling x12  
  193  12:08  Baneling x10  
Show
View Real Time Build Order
Export as new Build Order

Drager Protoss 

Build Orders: 1 Gate Expand, Oracle Opening, Phoenix Opening, Mass Phoenix 

Get SALT Encoding   

  12  0:00  Probe  
  13  0:13  Probe  
  14  0:18  Pylon  
  14  0:24  Probe  
  15  0:32  Probe  
  15  0:38  Gateway  
  15  0:40  Probe  
  16  0:47  Assimilator  
  17  0:51  Probe  
  18  1:03  Probe  
  19  1:15  Probe  
  20  1:25  Nexus  
  20  1:34  Cybernetics Core  
  20  1:37  Probe  
  21  1:43  Assimilator  
  21  1:49  Probe  
  21  1:52  Pylon  
  22  2:00  Adept  
  22  2:01  Probe  
  23  2:13  Probe  
  26  2:20  Stargate  
  26  2:25  Probe  
  27  2:30  Warp Gate  
  27  2:33  Probe  
  27  2:34  Adept, Probe  
  29  2:41  Probe  
  29  2:42  Probe  
  33  2:51  Probe  
  33  2:52  Probe  
  35  2:59  Phoenix  
  35  3:03  Probe  
  35  3:04  Probe  
  39  3:15  Probe  
  39  3:16  Probe  
  39  3:19  Adept  
  43  3:23  Pylon  
  43  3:27  Probe  
  43  3:28  Probe  
  43  3:31  Assimilator, Oracle  
  43  3:32  Assimilator  
  45  3:40  Pylon, Probe  
  46  3:41  Probe  
  46  3:47  Gateway  
  50  3:52  Probe  
  50  3:53  Probe  
  52  4:01  Pylon  
  52  4:03  Phoenix  
  52  4:04  Probe  
  52  4:05  Probe  
  54  4:14  Stargate  
  54  4:16  Probe  
  57  4:19  Probe  
  57  4:21  Pylon  
  57  4:23  Phoenix  
  58  4:29  Adept  
  62  4:41  Phoenix  
  62  4:47  Adept  
  62  4:52  Probe  
  67  4:53  Probe  
  67  4:56  Phoenix  
  68  5:03  Nexus  
  68  5:05  Pylon  
  68  5:06  Phoenix  
  72  5:15  Probe, Phoenix  
  72  5:18  Probe  
  72  5:20  Pylon  
  76  5:31  Phoenix  
  76  5:33  Robotics Facility  
  78  5:36  Robotics Facility  
  76  5:45  Phoenix  
  78  5:51  Probe x2  
  78  5:53  Shield Battery  
  78  5:55  Sentry, Zealot  
  84  6:03  Probe x2  
  86  6:14  Forge  
  86  6:15  Probe x2  
  86  6:16  Twilight Council, Immortal  
  86  6:17  Immortal  
  88  6:19  Assimilator  
  88  6:21  Assimilator  
  88  6:27  Probe  
  88  6:28  Probe  
  88  6:31  Probe  
  99  6:39  Probe  
  100  6:40  Probe  
  100  6:43  Protoss Ground Weapons Level 1, Probe  
  100  6:51  Pylon, Probe  
  100  6:52  Probe  
  100  6:53  Charge  
  102  6:54  Immortal  
  102  6:55  Probe, Templar Archives  
  102  7:00  Immortal  
  107  7:11  Pylon  
  107  7:12  Probe x2  
  113  7:19  Pylon x2  
  113  7:22  Sentry, Zealot  
  115  7:25  Psionic Storm  
  117  7:32  Immortal  
  117  7:34  Immortal  
  125  7:45  High Templar  
  127  7:52  Pylon  
  127  7:58  High Templar  
  129  8:00  Pylon  
  129  8:02  Pylon  
  129  8:06  Pylon  
  129  8:09  Immortal  
  129  8:10  Immortal  
  133  8:19  Gateway  
  137  8:22  Gateway  
  137  8:29  High Templar, Gateway  
  137  8:30  High Templar  
  137  8:31  Gateway  
  137  8:33  Pylon  
  141  8:34  Gateway  
  141  8:37  Gateway  
  141  8:41  Immortal  
  139  8:42  Immortal  
  139  8:44  Pylon  
  147  9:03  Nexus  
  147  9:07  High Templar x2  
  147  9:09  Immortal  
  151  9:14  Immortal  
  151  9:15  Archon  
  151  9:21  Probe  
  156  9:28  Zealot x4  
  154  9:31  Probe  
  149  9:39  High Templar x3  
  149  9:45  Protoss Ground Weapons Level 2  
  155  9:46  High Templar  
  155  9:49  Pylon  
  155  9:50  Pylon  
  155  9:52  Nexus  
  157  9:54  Pylon  
  157  10:02  Zealot x4  
  165  10:10  Immortal  
  155  10:15  Zealot x3  
  155  10:17  Immortal  
  163  10:26  High Templar x2  
  164  10:29  Probe x3  
  164  10:34  Pylon  
  167  10:35  Zealot x2  
  167  10:36  Zealot x3  
  167  10:39  Warp Prism  
  167  10:41  Probe  
  164  10:43  Probe  
  164  10:45  Pylon  
  164  10:49  Observer  
  165  10:51  High Templar  
  168  11:00  High Templar  
  168  11:02  High Templar  
  168  11:03  Zealot x3  
  178  11:07  Archon  
  178  11:10  Zealot  
  178  11:11  Zealot  
  180  11:29  Stalker x4  
  186  11:43  Stalker x4  
  145  12:08  Stalker x7  
  145  12:32  Zealot x6  
Tags
 
Add a new tag
Caveats
  • Supply blocks, unpowered buildings, or Contaminate may cause inaccurate times.
  • Supply counts are checked every 10 seconds.